 Dungeon Crawl Stone Soup version 0.28-a0-1395-g4f6bc678fa (webtiles) character file.

Game seed: 7338192078422877256

105 vineage the Skirmisher (level 4, -4/32 HPs)
             Began as a Gargoyle Fighter on Jan 4, 2022.
             Killed by divine providence
             ... invoked by an orc priest
              (17 damage)
             ... on level 2 of the Dungeon.
             The game lasted 00:01:05 (1840 turns).

vineage the Skirmisher (Gargoyle Fighter)           Turns: 1840, Time: 00:01:05

Health: -4/32      AC: 10    Str: 20    XL:     4   Next: 81%
Magic:  4/4        EV:  9    Int:  8    God:
Gold:   41         SH:  4    Dex: 11    Spells: 3/3 levels left

rFire   . . .      SeeInvis .   a - +0 flail
rCold   . . .      Faith    .   c - +0 buckler
rNeg    + . .      Spirit   .   b - +0 scale mail
rPois   ∞          Reflect  .   (no helmet)
rElec   +          Harm     .   (no cloak)
rCorr   .          Rampage  .   (no gloves)
Will    .....                   (no boots)
Stlth   ..........              (no amulet)
HPRegen 0.10/turn               (no ring)
MPRegen 0.09/turn               (no ring)

@: mighty
A: sickness immunity, AC +3, negative energy resistance 1, electricity
resistance, torment resistance 1, petrification resistance
a: no special abilities


You were on level 2 of the Dungeon.
You visited 1 branch of the dungeon, and saw 2 of its levels.

You collected 41 gold pieces.

Inventory:

Hand Weapons
 a - a +0 flail (weapon)
Armour
 b - a +0 scale mail (worn)
 c - a +0 buckler (worn)
Jewellery
 e - a +6 ring of strength
Scrolls
 f - a scroll of enchant weapon {unknown}
 i - a scroll of teleportation {unknown}
Potions
 g - a potion of lignification {unknown}
 h - a potion of heal wounds {unknown}


   Skills:
 + Level 5.9 Fighting
 - Level 2.0 Maces & Flails
 - Level 3.2 Armour
 - Level 3.2 Shields


You had 3 spell levels left.
You didn't know any spells.
Your spell library contained the following spells:

 Spells                   Type           Power      Damage    Failure   Level
 Wereblood                Tmut           0%         N/A       90%         2
 Summon Hydra             Summ           0%         N/A       100%        7
 Sublimation of Blood     Necr           Unusable   N/A       N/A         2

Dungeon Overview and Level Annotations

Branches:
Dungeon (2/15)

Altars:


Innate Abilities, Weirdness & Mutations

You are immune to sickness and miasma.
Your stone body is resilient. (AC +3)
You are immune to poison.
You resist negative energy. (rN+)
You are resistant to electric shocks. (rElec)
You are resistant to unholy torment.
You are immune to petrification.


Message History

You kill the bat!
No target in view!
No target in view!
No target in view!
No target in view!
No target in view!
No target in view!
No target in view! 3 orcs and an orc priest come into view.
The orc priest is wielding a +0 trident of venom and wearing a +0 chain mail of cold resistance.
The orc shouts! x2; The orc priest shouts!
The orc shouts!
The orc throws a boomerang.
The boomerang hits you.
The orc throws a stone.
The stone hits you but does no damage.
The orc priest moves out of view.
There are monsters nearby!
An endoplasm comes into view.
The endoplasm quivers.
The endoplasm freezes you.
You are frozen.
You hit the endoplasm but do no damage. The endoplasm freezes you.
You are frozen.
You hit the endoplasm.
The endoplasm is severely wounded.
The endoplasm hits you.
You feel very mighty all of a sudden. You block the endoplasm's attack.
You thump the endoplasm!
You kill the endoplasm!
You block the orc's attack.
You closely miss the orc. The orc hits you with a +0 mace.
You barely miss the orc. The orc closely misses you.
You sock the orc!
You kill the orc!
The orc barely misses you.
You sock the orc!
You kill the orc!
The orc priest mumbles some strange prayers to Beogh against you.
Beogh smites you!
Ouch! That really hurt!
You die...

#.# ... .
.......#
#.#.#.###.#
#.........#
#.#####.#o#
#.........#
#######.###
#######.#
#..@)oo.#
#.#####.# # #.#
.#####.##
.........##
#.###..†..#
#........## #####
#####..######...#
### #
#...........#


You could see an orc priest and an orc.

Vanquished Creatures
  Natasha (D:2)
  3 adders (D:2)
  3 dart slugs
  2 orcs (D:2)
  2 bats (D:2)
  3 endoplasms
  4 giant cockroaches
  6 goblins
  4 hobgoblins
  5 jackals (D:2)
  A quokka (D:2)
  3 ball pythons
  2 frilled lizards (D:1)
  3 kobolds (D:1)
  3 rats
45 creatures vanquished.

Notes
Turn   | Place    | Note
-------+----------+-------------------------------------------
     0 | D:1      | vineage the Gargoyle Fighter began the quest for the Orb.
     0 | D:1      | Reached XP level 1. HP: 14/14 MP: 1/1
     9 | D:1      | Found a faded altar of an unknown god.
   370 | D:1      | Reached XP level 2. HP: 17/20 MP: 2/2
   371 | D:1      | Reached skill level 4 in Fighting
   941 | D:1      | Reached XP level 3. HP: 11/24 MP: 3/3
  1515 | D:2      | Reached skill level 5 in Fighting
  1619 | D:2      | Reached XP level 4. HP: 31/31 MP: 4/4
  1799 | D:2      | Noticed Natasha
  1804 | D:2      | Killed Natasha
  1840 | D:2      | Killed from afar by an orc priest

Illustrated notes

Levels and vault maps discovered:
D:1:      sevenhm_arrival_forest_fort_small_4, layout_loops_ring,
          hellmonk_ecumenical_altar_pennies_from_heaven, nrook_mini_vaults
D:2:      layout_loops_corners, uniq_natasha

Skill      XL: |  1  2  3 |
---------------+----------+-----
Fighting       | 4 5 |  5.9
Maces & Flails | |  2.0
Armour         | |  3.2
Shields        | |  3.2

Action                   |  1- 3 |  4- 6 || total
-------------------------+-------+-------++-------
Melee: Flail             |   105 |    38 ||   143
  Use: Potion            |       |     1 ||     1
Armor: Scale mail        |    65 |    21 ||    86
Dodge: Dodged            |    44 |    16 ||    60
Block: Buckler           |    28 |    10 ||    38

Table legend: (Time is in decaauts)
 A = Elapsed time spent in this place.
 B = Non-inter-level travel time spent in this place.
 C = Inter-level travel time spent in this place.
 D = Time resting spent in this place.
 E = Time spent auto-exploring this place.
 F = Levels seen in this place.
 G = Mean time per level.
                   A        B        C        D        E       F      G
               +--------+--------+--------+--------+--------+-----+--------+
         Total |   1894 |   1859 |     35 |      0 |   1549 |   2 |  947.0 |
       Dungeon |   1894 |   1859 |     35 |      0 |   1549 |   2 |  947.0 |
               +--------+--------+--------+--------+--------+-----+--------+

Top non-repeatable levels by time:
     D:1: 1519 daAuts
     D:2: 375 daAuts
